 Dungeon Crawl Stone Soup version 0.18.1-6-gd335043 (webtiles) character file.

628138 kaxub the Slayer (level 27, -14/190 HPs)
             Began as a Gargoyle Gladiator on May 13, 2016.
             Was the Champion of the Shining One.
             Killed from afar by a hellion (19 damage)
             ... with damnation
             ... on level 7 of Gehenna on May 15, 2016.
             The game lasted 10:34:53 (76280 turns).

kaxub the Slayer (Gargoyle Gladiator)              Turns: 76280, Time: 10:34:53

Health: -14/190    AC: 44    Str: 23    XL:     27
Magic:  9/33       EV: 26    Int: 12    God:    the Shining One [******]
Gold:   5037       SH: 49    Dex: 25    Spells: 0 memorised, 26 levels left

rFire  + + +     SeeInvis .     U - +4 flail (crush)
rCold  + . .     Gourm    .     L - +4 ring mail of Winter {rF+ rC+ rN+}
rNeg   + + +     Faith    .     j - +7 large shield "Tenoum" {MR+ Str+3 Dex+6}
rPois  ∞         Spirit   .     G - +2 helmet
rElec  +         Dismiss  .     X - +2 cloak {rPois}
rCorr  .         Reflect  +     N - +1 pair of gloves
SustAt .         Harm     .     J - +1 pair of boots
MR     +++..     Clarity  +     P - +4 amulet of reflection
Stlth  +.........               l - ring of protection from fire
                                Q - ring of protection from fire

@: divine shield, flying, very slightly contaminated, glowing, extremely
resistant to hostile enchantments, very unstealthy
A: big wings, blurry vision 1, clarity, deformed body, low mp 1, mutation
resistance 1, negative energy resistance 1, screaming 1, shaggy fur 1,
electricity resistance, unbreathing, petrification resistance, rot immunity, AC
+20
a: Stop Flying, Divine Shield, Cleansing Flame, Summon Divine Warrior, Brand
Weapon With Holy Wrath, Renounce Religion
}: 3/15 runes: decaying, silver, gossamer


You were on level 7 of Gehenna.
You worshipped the Shining One.
The Shining One was exalted by your worship.
You were not hungry.

You visited 12 branches of the dungeon, and saw 56 of its levels.
You also visited: Sewer and Ice Cave.

You collected 6509 gold pieces.
You spent 1472 gold pieces at shops.

Inventory:

Hand Weapons
 y - a +2 flail of protection
 U - a +4 flail of crushing (weapon)
Missiles
 K - 40 tomahawks (quivered)
Armour
 j - the +7 large shield "Tenoum" (worn) {MR+ Str+3 Dex+6}
   (You took it off Louise on level 3 of the Spider Nest)

   It affects your strength (+3).
   It affects your dexterity (+6).
   It affects your resistance to hostile enchantments.
 G - a +2 helmet (worn)
 H - the +5 plate armour of Okawaru's Benevolence {rPois rC- MP+9 Slay+2}
   (You found it on level 6 of the Dungeon)

   It affects your accuracy and damage with ranged weapons and melee attacks
   (+2).
   It makes you vulnerable to cold.
   It protects you from poison.
   It affects your magic capacity (+9).
 J - a +1 pair of boots (worn)
 L - the +4 ring mail of Winter (worn) {rF+ rC+ rN+}
   (You found it on level 4 of the Dungeon)

   It protects you from fire.
   It protects you from cold.
   It protects you from negative energy.
 N - a +1 pair of gloves (worn)
 X - a +2 cloak of poison resistance (worn)
Jewellery
 l - a ring of protection from fire (right hand)
 p - the ring of Shaolin {EV+8}
   (You took it off a spriggan defender on level 4 of the Depths)

   [ring of evasion]

   It affects your evasion (+8).
 w - a +5 ring of strength
 C - a +5 ring of evasion
 E - the ring of Ucifok {Ice rN+ Dex+3}
   (You took it off a spriggan defender on level 4 of the Depths)

   [ring of ice]

   It enhances your ice magic, and weakens your fire magic.
   It affects your dexterity (+3).
   It makes you vulnerable to fire.
   It protects you from cold.
   It protects you from negative energy.
 P - a +4 amulet of reflection (around neck)
 Q - a ring of protection from fire (left hand)
Wands
 a - a wand of teleportation (2/9)
 g - a wand of heal wounds (0/9)
 x - a wand of disintegration (5/24)
 B - a wand of disintegration (5/24)
 R - a wand of teleportation (3/9)
 S - a wand of digging (16/24)
Scrolls
 d - 18 scrolls of remove curse
 e - a scroll of silence
 h - 2 scrolls of blinking
 m - a scroll of brand weapon
 s - 9 scrolls of identify
 u - 3 scrolls of recharging
 z - 5 scrolls of enchant armour
 A - 2 scrolls of magic mapping
 I - a scroll of fear
 O - 5 scrolls of enchant weapon
 T - 16 scrolls of teleportation
Potions
 b - 2 potions of agility
 c - 5 potions of ambrosia
 i - 2 potions of cure mutation
 n - 5 potions of magic
 o - a potion of might
 v - 8 potions of curing
 D - 2 potions of berserk rage
 F - 3 potions of cancellation
Miscellaneous
 r - a fan of gales
 Y - a box of beasts {used: 1}
Comestibles
 f - 29 bread rations
 k - 23 meat rations
 q - 47 fruits


   Skills:
 - Level 24.1 Fighting
   Level 5.5(14.7) Axes
 - Level 21.9(22.1) Maces & Flails
 - Level 2.0 Throwing
 - Level 15.0 Armour
 - Level 15.0 Dodging
 - Level 20.0 Shields
 + Level 20.0 Invocations
 - Level 14.2 Evocations


You had 26 spell levels left.
You didn't know any spells.

Dungeon Overview and Level Annotations

Branches:
Dungeon (15/15)            Temple (1/1) D:7            Lair (8/8) D:11
  Swamp (4/4) Lair:5       Spider (4/4) Lair:3        Slime (1/6) Lair:6
    Orc (2/2) D:10            Elf (3/3) Orc:2        Vaults (5/5) D:13
  Crypt (0/3) Vaults:3     Depths (5/5) D:15           Hell (1/1)
    Dis (0/7) Hell            Geh (7/7) Hell            Coc (0/7) Hell
    Tar (0/7) Hell            Zot (0/5) Depths:5

Altars:
Ashenzari
Cheibriados
Dithmenos
Elyvilon
Fedhas
Gozag
Kikubaaqudgha
Makhleb
Nemelex Xobeh
Okawaru
Pakellas
Qazlal
Ru
Sif Muna
Trog
Vehumet
Xom
Yredelemnul
Zin
The Shining One
Beogh
Jiyva

Shops:
D:6 *   D:11 *   Orc:2 ((:[   Elf:2 (   Elf:3 [   Vaults:1 [   Vaults:2 (
Vaults:4 ?   Depths:1 [

Portals:
Hell: Depths:1 Depths:2 Depths:3 Depths:4 Depths:5
Abyss: Depths:1 Depths:3 Depths:4
Pandemonium: Depths:3 Depths:5
Ziggurat: Depths:4

Annotations:
Lair:2 exclusion: oklob plant


Innate Abilities, Weirdness & Mutations

You are resistant to torment.
Your stone body is resilient (AC +20).
You are immune to poison.
Your large and strong wings let you fly indefinitely.
You resist negative energy.
You are resistant to electric shocks.
You can survive without breathing.
You are immune to petrification.
You are immune to rotting.
Scrolls take you a little longer to read.
You possess an exceptional clarity of mind.
Armour fits poorly on your strangely shaped body.
Your magical capacity is low (-10% MP).
You are somewhat resistant to further mutation.
You occasionally shout uncontrollably at your foes.
You are covered in fur (AC +1).


Message History

The damnation engulfs your angel.
The damnation engulfs the shadow dragon zombie.
Your daeva hits the molten gargoyle with a long sword of holy wrath!!
The molten gargoyle is destroyed!
You hear a sizzling splash.
Your angel gestures.
Your angel is healed somewhat.
You begin reading the scroll.
You continue reading the scroll.
You block the shadow dragon zombie's attack. x3
Your daeva hits the salamander stormcaller with a long sword of holy wrath!!
Your daeva hits the salamander stormcaller with a long sword of holy wrath.
As you read the scroll of fog, it crumbles to dust.
The scroll dissolves into smoke.
Drink which item? (? for menu, Esc to quit)
Okay, then.
Read which item? (? for menu, Esc to quit)
Okay, then.
The hellion gestures at you.
The damnation unfurls!
The damnation engulfs you!
You die...

....v..§≈§≈§≈§§≈≈≈≈≈§≈§§
..........§≈§§§§≈≈≈§≈§≈§
.....≈§.....≈≈§§§≈≈≈≈§≈§§
...v.≈.......≈.≈≈§≈≈§≈§§§§
...≈≈≈≈.§....N§≈§≈≈≈≈§≈§≈§≈≈≈≈≈≈≈
..§§≈≈≈§§...).A§§§§§§≈§≈≈§§≈§≈≈≈≈
..§≈§§§.§...422§§Z§§§.≈.§..§§§≈.§
..§4§§§§......§§A§§9....≈≈≈....≈≈
....≈≈≈≈≈§§...§§@§§§....§........
...§≈≈≈≈≈.≈...§..§§.............
...§≈≈≈≈.......................
§§.≈§................∩.∩..∩.∩.
.§≈§§.......................
§§§≈§.§§.§..............§...
≈≈≈§.§≈§≈...§.§.≈.....≈§§..
≈≈≈≈≈§≈.§≈.§§≈.§§≈.≈≈§§§§
§§≈≈≈≈≈§≈≈≈§≈≈≈§≈≈≈≈§


You could see a hellion, a shadow dragon zombie and a friendly angel.

Vanquished Creatures
  2 ancient liches
  2 juggernauts (Depths:3)
  A shard shrike (shapeshifter) (Depths:5)
  4 caustic shrikes
  7 golden dragons
  A Tzitzimitl (Geh:6)
  Arachne (Spider:2)
  7 liches
  13 Brimstone Fiends
  7 tentacled monstrosities
  Asterion (Spider:3)
  2 deep elf blademasters
  2 quicksilver dragons
  An Executioner (Geh:3)
  3 titans
  Gastronok (Lair:1)
  4 sphinxes
  8 tengu reavers
  9 shadow dragons
  Frances (D:11)
  Kirke (Lair:6)
  2 thorn hunters
  4 storm dragons
  A draconian monk (Depths:5)
  12 fire giants
  4 iron dragons
  12 frost giants
  19 vault wardens
  6 emperor scorpions
  8 balrugs
  2 cacodemons (Hell)
  3 ghost moths (Spider:4)
  2 orc warlords (Orc:2)
  5 deep elf sorcerers
  6 deep elf elementalists
  2 ghouls (Vaults:3)
  3 war gargoyles
  11 ironheart preservers
  Aizul (Elf:2)
  6 spriggan defenders
  5 reapers
  15 stone giants
  3 vampire knights
  11 very ugly things
  A black draconian (Depths:5)
  2 yellow draconians (Depths:5)
  8 salamander stormcallers
  5 deep elf demonologists
  2 lorocyprocas (Hell)
  A mottled draconian (Depths:5)
  7 deep elf annihilators
  A white draconian (Depths:5)
  Snorg (Lair:5)
  2 red draconians (Depths:5)
  A spark wasp (Spider:4)
  2 blizzard demons
  A deep elf death mage (Vaults:5)
  An eidolon (Vaults:3)
  16 yaktaur captains
  13 fire dragons
  31 vault guards
  16 ettins
  The ghost of Spect the Eclecticist, a journeyman DECj of Vehumet (Lair:8)
  19 ogre magi
  2 deep elf high priests
  3 jiangshi (Depths:4)
  18 hydras
  3 quicksilver dragon zombies
  A quicksilver dragon skeleton (Geh:2)
  6 great orbs of eyes
  12 ice dragons
  10 entropy weavers
  5 rakshasas
  12 spriggan air magi
  A catoblepas (D:15)
  9 alligators
  6 centaur warriors
  6 death knights
  6 deep troll shamans (Depths:3)
  23 dancing weapons
  14 hell hogs
  A death yak (Lair:8)
  A vampire mage (Depths:4)
  5 spriggan berserkers
  12 sun demons
  4 orc high priests (Orc:2)
  4 tengu warriors
  A titan zombie (Geh:6)
  2 deep troll earth magi
  An iron golem (Depths:5)
  23 spriggans
  Sonja (D:14)
  A storm dragon zombie (Geh:2)
  47 hell knights
  29 deep elf knights
  6 shadow wraiths
  2 titan skeletons
  A fire crab (Vaults:2)
  A fire crab (shapeshifter) (D:15)
  4 iron trolls
  7 skeletal warriors
  4 soul eaters (Hell)
  A death drake (shapeshifter) (Vaults:4)
  A salamander mystic (Depths:4)
  An anaconda zombie (Geh:2)
  13 flayed ghosts
  A ghost moth zombie (Geh:3)
  2 unseen horrors
  16 deep trolls
  2 storm dragon skeletons
  2 spriggan druids
  6 wizards
  5 shambling mangroves
  4 giant orange brains
  A giant orange brain (shapeshifter) (Depths:5)
  2 golden dragon skeletons
  A golden dragon zombie (Geh:6)
  6 swamp dragons
  A large abomination (Elf:3)
  7 phantasmal warriors
  10 hill giants
  A harpy (shapeshifter) (Depths:5)
  10 orb spiders
  18 deep elf archers
  16 orc knights
  17 necromancers
  An anaconda skeleton (Geh:6)
  72 deep elf magi
  An oklob plant (Lair:4)
  8 orc sorcerers
  A frost giant zombie (Vaults:4)
  3 harpies (Vaults:2)
  10 ironbrand convokers
  30 wolf spiders
  2 griffons
  A wolf spider (shapeshifter) (Depths:2)
  2 orb spiders (shapeshifter)
  34 ugly things
  An iron dragon zombie (Geh:6)
  A griffon (shapeshifter) (Elf:3)
  14 hornets
  A mana viper (shapeshifter) (Vaults:5)
  2 wolf spider zombies (Geh:3)
  A fire giant zombie (Hell)
  A manticore (shapeshifter) (Vaults:5)
  2 moths of wrath
  11 salamanders
  A sixfirhy (Hell)
  An iron dragon skeleton (Geh:5)
  6 cyclopes
  3 rust devils (Hell)
  9 vault sentinels
  7 elephants
  3 stone giant skeletons
  2 guardian serpents (shapeshifter)
  2 molten gargoyles
  2 water nymphs (shapeshifter)
  A naga mage (Depths:4)
  2 centaur zombies (D:15)
  A gargoyle (D:10)
  2 fire giant skeletons
  4 torpor snails
  3 smoke demons
  5 black mambas
  3 centaur skeletons
  11 spiny frogs
  3 kobold demonologists
  An emperor scorpion zombie (Geh:1)
  4 rime drakes
  An orange demon (Hell)
  An efreet (Geh:2)
  7 hellions
  8 komodo dragons
  19 demonic crawlers
  45 yaktaurs
  2 tengu conjurers
  5 ice devils
  9 freezing wraiths
  7 tormentors
  8 trolls
  2 hydra zombies
  3 hydra skeletons
  4 giant leeches
  14 red devils
  45 jumping spiders
  A two-headed ogre (shapeshifter) (Vaults:3)
  2 trolls (shapeshifter)
  10 polar bears
  2 wind drakes (shapeshifter)
  A tengu simulacrum (Vaults:4)
  29 two-headed ogres
  2 raiju (shapeshifter)
  22 blink frogs
  54 slime creatures
  2 wolf spider simulacra (D:15)
  9 bog bodies
  An alligator zombie (Geh:5)
  An ice dragon zombie (Geh:3)
  8 boulder beetles
  A boulder beetle (shapeshifter) (Vaults:3)
  2 ettin zombies
  A centaur simulacrum (D:15)
  36 flying skulls
  14 air elementals
  A stone giant simulacrum (Vaults:2)
  109 redbacks
  3 spriggans (shapeshifter)
  A fire dragon skeleton (Geh:5)
  10 shadows
  2 redbacks (shapeshifter)
  5 ettin skeletons
  2 wyverns
  2 vampires
  18 wraiths
  3 basilisks
  3 fire bats
  31 tarantellas
  A hog (Lair:6)
  4 water elementals
  16 hippogriffs
  66 yaks
  19 fire elementals
  3 hungry ghosts
  2 golden eyes (shapeshifter) (Elf:3)
  24 vampire mosquitoes
  A naga (shapeshifter) (Depths:4)
  2 redback simulacra (D:15)
  5 wargs
  A swamp worm (shapeshifter) (D:15)
  13 insubstantial wisps
  15 water moccasins
  21 hell hounds
  2 spiny frog zombies
  17 swamp worms
  5 ice beasts
  18 porcupines
  The ghost of Gottschkopf the Skirmisher, an amateur DrBe of Trog (D:3)
  63 orc warriors
  14 swamp drakes
  2 black bears
  3 spiny frog skeletons
  2 sky beasts
  7 necrophages
  6 phantoms
  21 wasps
  3 snapping turtle zombies
  A boggart (shapeshifter) (Depths:2)
  An eye of draining (D:11)
  2 boggarts (Vaults:3)
  72 ogres
  43 wolves
  8 centaurs
  13 crocodiles
  A big kobold (shapeshifter) (Vaults:1)
  13 big kobolds
  6 earth elementals
  23 giant frogs
  A spiny frog simulacrum (Hell)
  A wyvern skeleton (D:13)
  3 human simulacra
  9 killer bees
  49 wights
  3 howler monkeys
  4 electric eels
  11 crimson imps
  A quasit (D:7)
  A giant frog skeleton (D:8)
  3 giant frog zombies
  2 iron imps (Hell)
  3 jellies
  A wyvern simulacrum (D:15)
  9 hounds
  24 orc wizards
  A gnoll shaman (Orc:2)
  A human zombie (Geh:4)
  40 orc priests
  13 iguanas
  2 human skeletons
  4 hell rats (D:13)
  8 worker ants
  23 sheep
  2 tengu skeletons (Geh:1)
  A hound zombie (D:6)
  A hound skeleton (D:7)
  A howler monkey zombie (D:6)
  3 gnolls (D:4)
  A worker ant zombie (D:6)
  86 river rats
  16 adders
  5 shadow imps
  11 white imps
  4 ufetubi
  2 adder zombies
  3 worms
  7 giant geckos
  154 orcs
  12 bats
  11 giant cockroaches
  10 hobgoblins
  5 quokkas
  2 ball pythons (Sewer)
  A giant gecko skeleton (D:8)
  4 giant newts
  6 goblins
  A jackal skeleton (D:4)
  42 kobolds
  A quokka zombie (D:9)
  16 rats
  A briar patch (Swamp:3)
  An eldritch tentacle segment (Geh:2)
  5 fire vortices
2805 creatures vanquished.

Vanquished Creatures (collateral kills)
  Geryon (Hell)
  13 Brimstone Fiends
  2 liches
  A titan (Vaults:5)
  A deep elf master archer (Elf:3)
  A sphinx (Depths:3)
  A storm dragon (Depths:5)
  A shadow dragon (Hell)
  3 fire giants
  2 iron dragons (Hell)
  A vault warden (Vaults:1)
  A large abomination (Elf:3)
  3 deep elf sorcerers (Elf:3)
  4 balrugs
  A deep elf elementalist (Elf:3)
  An ironheart preserver (Vaults:1)
  An emperor scorpion (Spider:1)
  Louise (Spider:3)
  3 reapers
  A very ugly thing (Vaults:5)
  A stone giant (Orc:2)
  A vampire knight (Depths:5)
  9 salamander stormcallers
  Nessos (Lair:5)
  A lorocyproca (Hell)
  2 deep elf annihilators (Elf:3)
  An ettin (Depths:5)
  3 vault guards
  2 quicksilver dragon zombies
  A deep elf death mage (Elf:3)
  A blizzard demon (IceCv)
  A yaktaur captain (Depths:5)
  4 entropy weavers
  A quicksilver dragon skeleton (Geh:5)
  3 rakshasas
  2 hydras
  2 deep troll earth magi (Depths:5)
  5 death yaks (Lair:8)
  14 hell hogs
  A tengu warrior (D:13)
  A deep elf knight (Vaults:1)
  A soul eater (Hell)
  A shadow wraith (Hell)
  11 sun demons
  2 small abominations (Elf:3)
  2 titan skeletons
  2 storm dragon zombies
  30 hell knights
  An anaconda zombie (Hell)
  2 deep trolls (Depths:5)
  A salamander mystic (Geh:6)
  A ghost moth zombie (Geh:5)
  2 swamp dragons (Swamp:4)
  An ironbrand convoker (Vaults:1)
  6 flayed ghosts
  3 necromancers
  2 wolf spider zombies
  An anaconda skeleton (Hell)
  2 golden dragon skeletons
  2 orb spiders (Spider:1)
  3 shadow dragon skeletons (Geh:5)
  3 orc knights (Vaults:1)
  An iron dragon zombie (Geh:1)
  6 salamanders
  A hornet (Vaults:5)
  A cyclops (Vaults:1)
  3 fire giant zombies
  2 frost giant zombies (Geh:6)
  3 sixfirhies (Hell)
  3 wolf spiders
  A stone giant zombie (Geh:1)
  2 rust devils
  3 frost giant skeletons
  A fire giant skeleton (Geh:4)
  A stone giant skeleton (Geh:4)
  An iron dragon skeleton (Geh:5)
  2 vault sentinels (Vaults:1)
  A dire elephant zombie (Geh:4)
  3 molten gargoyles
  An emperor scorpion zombie (Geh:2)
  2 smoke demons
  8 hellions
  3 dire elephant skeletons
  A catoblepas zombie (Geh:5)
  3 spiny frogs
  3 efreet
  A komodo dragon (Lair:3)
  4 tormentors
  9 ice devils (IceCv)
  A yaktaur (Depths:5)
  A demonic crawler (Lair:3)
  A spriggan druid (Lair:8)
  A tengu conjurer (D:13)
  24 red devils
  3 hydra zombies
  7 jumping spiders
  A two-headed ogre (Depths:2)
  A harpy skeleton (Geh:5)
  2 hydra skeletons
  3 ettin zombies
  2 slime creatures (Depths:2)
  3 bog bodies (Swamp:4)
  A fire dragon zombie (Hell)
  3 alligator zombies
  3 ice dragon zombies
  3 ettin skeletons
  A spriggan (Lair:8)
  29 flying skulls
  2 air elementals (Depths:5)
  12 redbacks
  2 ice dragon skeletons (Geh:1)
  4 tarantellas
  4 fire bats
  9 shadows
  8 wraiths
  A wyvern (Lair:3)
  4 fire elementals
  4 yaks
  A vampire mosquito (Vaults:1)
  A swamp worm (Swamp:4)
  2 spiny frog zombies (Geh:6)
  An orc warrior (Orc:2)
  3 hell hounds
  A swamp drake (Swamp:4)
  3 phantoms
  A snapping turtle zombie (Geh:6)
  2 black bears (Lair:8)
  3 wasps
  5 necrophages
  2 ogres (Vaults:1)
  3 crocodiles (Lair:3)
  A swamp dragon skeleton (Geh:6)
  An elf zombie (Geh:4)
  A spiny frog simulacrum (Hell)
  A glowing shapeshifter simulacrum (Vaults:1)
  3 scorpions (Lair:3)
  A killer bee (D:13)
  16 wights
  A troll skeleton (Geh:5)
  A crimson imp (Geh:3)
  A centaur zombie (Geh:5)
  An iron imp (Hell)
  A worker ant (Lair:3)
  10 white imps
  2 ufetubi (IceCv)
  A worm (Lair:3)
  4 orcs
  A giant cockroach (Lair:3)
  A kobold zombie (Geh:1)
  A fire vortex (Geh:2)
466 creatures vanquished.

Vanquished Creatures (others)
  A golden dragon (Vaults:5)
  A deep elf master archer (Elf:3)
  2 eldritch tentacles
  A tengu reaver (Depths:4)
  2 fire giants
  A deep elf elementalist (Elf:2)
  5 stone giants
  A deep elf annihilator (Elf:3)
  5 yaktaur captains
  A rakshasa (Vaults:2)
  2 deep elf high priests (Elf:3)
  2 centaur warriors
  An ogre mage (Vaults:2)
  2 hell hogs
  A deep elf knight (Elf:1)
  A skeletal warrior (Geh:1)
  10 deep elf archers
  A phantasmal warrior (Depths:4)
  An orb spider (Spider:3)
  A salamander (Vaults:4)
  4 deep elf magi
  4 cyclopes
  A fire giant skeleton (Geh:2)
  A vault sentinel (Vaults:4)
  12 yaktaurs
  A kobold demonologist (Vaults:3)
  A tengu conjurer (Depths:3)
  An ice devil (IceCv)
  A slime creature (D:15)
  2 redbacks
  8 flying skulls
  A wraith (Geh:2)
  A shadow (Geh:4)
  A human (Lair:7)
  2 ogres
  6 centaurs
  4 wights
  A quasit (D:14)
  3 sheep (Lair:7)
  5 river rats
  A white imp (IceCv)
  6 ufetubi (IceCv)
  2 orcs
  2 briar patches
  110 eldritch tentacle segments
  A fire vortex (Hell)
  68 fungi
  45 plants
  10 toadstools (Lair:2)
347 creatures vanquished.

Grand Total: 3618 creatures vanquished

Notes
Turn   | Place    | Note
--------------------------------------------------------------
     0 | D:1      | kaxub the Gargoyle Gladiator began the quest for the Orb.
     0 | D:1      | Reached XP level 1. HP: 12/12 MP: 1/1
   201 | D:1      | Reached XP level 2. HP: 16/18 MP: 2/2
   562 | D:1      | Reached skill level 3 in Fighting
   666 | D:2      | Reached XP level 3. HP: 23/23 MP: 3/3
   941 | D:2      | Found an oddly glowing altar of Pakellas.
  1190 | D:2      | Reached skill level 1 in Axes
  1263 | D:3      | Noticed a sky beast
  1277 | D:3      | Killed a sky beast
  1277 | D:3      | Reached skill level 4 in Fighting
  1277 | D:3      | Reached XP level 4. HP: 22/29 MP: 4/4
  1277 | D:3      | Reached XP level 5. HP: 25/33 MP: 5/5
  1348 | D:3      | Noticed Gottschkopf's ghost (amateur DrBe)
  1806 | D:3      | Found a glowing drain.
  1810 | Sewer    | Entered a sewer
  1920 | Sewer    | Noticed a big kobold
  1920 | Sewer    | Noticed a big kobold
  1936 | Sewer    | Killed a big kobold
  1936 | Sewer    | Reached XP level 6. HP: 33/39 MP: 6/6
  2099 | Sewer    | Reached skill level 5 in Fighting
  2368 | D:3      | Killed Gottschkopf's ghost
  2368 | D:3      | Reached XP level 7. HP: 44/44 MP: 7/7
  2544 | D:4      | Reached skill level 5 in Axes
  2800 | D:4      | Found a sparkling altar of Nemelex Xobeh.
  2899 | D:4      | Found a radiant altar of Vehumet.
  2959 | D:4      | Got a fine ring mail
  2970 | D:4      | Identified the +4 ring mail of Winter {rF+ rC+ rN+} (You found it on level 4 of the Dungeon)
  3019 | D:4      | Found a shattered altar of Ashenzari.
  3021 | D:4      | Found a white marble altar of Elyvilon.
  3413 | D:5      | Entered Level 5 of the Dungeon
  3470 | D:5      | Found a shattered altar of Ashenzari.
  3543 | D:5      | Found a snail-covered altar of Cheibriados.
  3663 | D:5      | Reached skill level 1 in Armour
  3733 | D:5      | Reached skill level 6 in Fighting
  4090 | D:6      | Reached XP level 8. HP: 51/51 MP: 8/8
  4706 | D:6      | Found Inoig Bugiubb's Assorted Antiques.
  4842 | D:6      | Bought a potion of heal wounds for 135 gold pieces
  5021 | D:6      | Reached skill level 5 in Armour
  5028 | D:6      | Got a faintly humming plate armour
  5039 | D:6      | Identified the +5 plate armour of Okawaru's Benevolence {rPois rC- MP+9 Slay+2} (You found it on level 6 of the Dungeon)
  5099 | D:6      | Found a stormy altar of Qazlal.
  5099 | D:6      | Found a glowing golden altar of the Shining One.
  5134 | D:6      | Became a worshipper of the Shining One
  5423 | D:7      | Reached skill level 7 in Fighting
  5473 | D:7      | Reached XP level 9. HP: 57/57 MP: 9/9
  5561 | D:7      | Reached skill level 5 in Maces & Flails
  5616 | D:7      | Found a blossoming altar of Fedhas.
  5668 | D:7      | Reached * piety under the Shining One
  5727 | D:7      | Reached skill level 8 in Fighting
  5917 | D:7      | Found a staircase to the Ecumenical Temple.
  5923 | Temple   | Entered the Ecumenical Temple
  6431 | D:8      | Reached ** piety under the Shining One
  6431 | D:8      | Reached skill level 9 in Fighting
  6660 | D:8      | Reached XP level 10. HP: 62/67 MP: 10/10
  6752 | D:8      | Reached skill level 10 in Fighting
  6808 | D:8      | Noticed a hill giant
  6824 | D:8      | Killed a hill giant
  7147 | D:8      | Found a burning altar of Makhleb.
  7149 | D:8      | Found a glowing silver altar of Zin.
  7149 | D:8      | Noticed an angel
  7149 | D:8      | Noticed a green death
  7498 | D:9      | Reached *** piety under the Shining One
  7529 | D:9      | Reached skill level 11 in Fighting
  8076 | D:10     | Entered Level 10 of the Dungeon
  8090 | D:10     | Found a staircase to the Orcish Mines.
  8132 | D:10     | Found a roughly hewn altar of Beogh.
  8498 | D:10     | Reached XP level 11. HP: 72/75 MP: 11/11
  8512 | D:10     | Noticed a hill giant
  8525 | D:10     | Killed a hill giant
  8525 | D:10     | Reached skill level 10 in Maces & Flails
  8913 | D:10     | Reached skill level 12 in Fighting
  9556 | D:11     | Found a staircase to the Lair.
  9636 | D:11     | Reached **** piety under the Shining One
  9867 | D:11     | Found a white marble altar of Elyvilon.
  9873 | D:11     | Found Jowk's Hallowed Reliquary.
  9873 | D:11     | Noticed an angel
  9881 | D:11     | Bought a potion of curing for 42 gold pieces
  9881 | D:11     | Bought a potion of heal wounds for 70 gold pieces
  9881 | D:11     | Bought a potion of heal wounds for 70 gold pieces
  9881 | D:11     | Bought a potion of heal wounds for 70 gold pieces
  9881 | D:11     | Bought a potion of curing for 42 gold pieces
 10081 | D:11     | Noticed an unseen horror
 10089 | D:11     | Killed an unseen horror
 10156 | D:11     | Noticed a brown ugly thing
 10383 | D:11     | Noticed a hill giant
 10411 | D:11     | Killed a hill giant
 10575 | D:11     | Killed a green ugly thing
 10894 | D:11     | Reached skill level 13 in Fighting
 11231 | D:11     | Reached skill level 1 in Invocations
 11385 | D:12     | Gained mutation: You have sharp toenails. [mutagenic meat]
 11386 | D:12     | Gained mutation: You are occasionally teleported next to monsters. [mutagenic meat]
 11387 | D:12     | Gained mutation: You are covered in fur (AC +1). [mutagenic meat]
 11389 | D:12     | Gained mutation: You have razor-sharp toenails. [mutagenic meat]
 11390 | D:12     | Lost mutation: You have razor-sharp toenails. [potion of cure mutation]
 11390 | D:12     | Lost mutation: You have sharp toenails. [potion of cure mutation]
 11390 | D:12     | Lost mutation: You are occasionally teleported next to monsters. [potion of cure mutation]
 11495 | D:12     | Reached XP level 12. HP: 84/84 MP: 13/13
 11584 | D:12     | Noticed Frances
 11625 | D:11     | Killed Frances
 11796 | D:12     | Reached ***** piety under the Shining One
 11974 | D:11     | Reached skill level 14 in Fighting
 12027 | Orc:1    | Entered Level 1 of the Orcish Mines
 12237 | Orc:1    | Paralysed by an orc sorcerer for 3 turns
 12349 | Orc:2    | Entered Level 2 of the Orcish Mines
 12684 | Orc:2    | Reached skill level 5 in Invocations
 13030 | Orc:2    | Found a staircase to the Elven Halls.
 13306 | Orc:2    | Reached skill level 15 in Fighting
 13442 | Orc:2    | Noticed an orc warlord
 13464 | Orc:2    | Killed an orc warlord
 13464 | Orc:2    | Reached XP level 13. HP: 72/92 MP: 17/17
 14001 | Orc:2    | Noticed a stone giant
 14052 | Orc:2    | Killed a stone giant
 14461 | Orc:2    | Noticed an orc warlord
 14491 | Orc:2    | Killed an orc warlord
 14552 | Orc:2    | Found a roughly hewn altar of Beogh.
 14802 | Orc:2    | Found Esathaf's Antique Weapon Emporium.
 14818 | Orc:2    | Found Qopadoats's Weapon Shoppe.
 14831 | Orc:2    | Reached skill level 16 in Fighting
 15259 | Orc:2    | Found a roughly hewn altar of Beogh.
 15542 | Orc:2    | Found Ythraeff's Antique Armour Emporium.
 15864 | Orc:2    | Found Aruph's Book Boutique.
 16292 | Lair:1   | Entered Level 1 of the Lair of Beasts
 16851 | Lair:1   | Noticed Gastronok
 16868 | Lair:1   | Killed Gastronok
 16868 | Lair:1   | Gained mutation: Your large and strong wings let you fly indefinitely. [Gargoyle growth]
 16868 | Lair:1   | Reached XP level 14. HP: 93/100 MP: 20/20
 17209 | Lair:1   | Reached ****** piety under the Shining One
 17689 | Lair:2   | Reached skill level 17 in Fighting
 18516 | Lair:2   | Found a blossoming altar of Fedhas.
 18693 | Lair:3   | Reached skill level 5 in Dodging
 18795 | Lair:3   | Found a hole to the Spider Nest.
 19539 | Lair:4   | Found a shimmering altar of Xom.
 19563 | Lair:4   | Found a snail-covered altar of Cheibriados.
 19575 | Lair:4   | Reached skill level 10 in Invocations
 19632 | Lair:4   | Got a dazzling lajatang
 20177 | Lair:5   | Noticed Snorg
 20199 | Lair:5   | Killed Snorg
 20882 | Lair:5   | Noticed Nessos
 20898 | Lair:5   | Killed Nessos
 21039 | Lair:5   | Found a staircase to the Swamp.
 21395 | Lair:6   | Found a staircase to the Slime Pits.
 21435 | Lair:6   | Reached skill level 1 in Shields
 21438 | Lair:6   | Found a viscous altar of Jiyva.
 21979 | Lair:6   | Reached XP level 15. HP: 95/108 MP: 22/22
 22028 | Lair:6   | Noticed Kirke
 22081 | Lair:6   | Killed Kirke
 22081 | Lair:6   | Reached skill level 5 in Shields
 23553 | Lair:8   | Entered Level 8 of the Lair of Beasts
 24227 | Lair:8   | Noticed Spect's ghost (journeyman DECj)
 24278 | Lair:8   | Killed Spect's ghost
 24290 | Lair:8   | Reached skill level 10 in Shields
 25761 | Spider:1 | Entered Level 1 of the Spider Nest
 25895 | Spider:1 | Found a frozen archway.
 25986 | Spider:1 | Noticed an emperor scorpion
 26001 | Spider:1 | Killed an emperor scorpion
 26008 | IceCv    | Entered an ice cave
 26230 | IceCv    | Reached XP level 16. HP: 114/114 MP: 23/23
 26767 | Spider:1 | Found a roughly hewn altar of Beogh.
 28791 | Spider:1 | Reached skill level 18 in Fighting
 29048 | Spider:2 | Noticed Arachne
 29093 | Spider:2 | Killed Arachne
 29628 | Spider:2 | Gained mutation: You are somewhat resistant to further mutation. [potion of beneficial mutation]
 29793 | Spider:3 | Noticed Louise
 29812 | Spider:3 | Killed Louise
 29814 | Spider:3 | Got a spiked large shield
 29831 | Spider:3 | Identified the +7 large shield "Tenoum" {MR+ Str+3 Dex+6} (You took it off Louise on level 3 of the Spider Nest)
 30205 | Spider:3 | Noticed Asterion
 30249 | Spider:3 | Killed Asterion
 30614 | Spider:3 | Got a pitted mace
 30624 | Spider:3 | Identified the cursed +1 mace of Sharkskin {flame, +Rage rN++ Int+6} (You found it on level 3 of the Spider Nest)
 31082 | Spider:3 | Reached XP level 17. HP: 120/120 MP: 24/24
 31222 | Spider:4 | Entered Level 4 of the Spider Nest
 31322 | Spider:4 | Reached skill level 15 in Shields
 33664 | Spider:4 | Gained mutation: Scrolls take you a little longer to read. [mutagenic meat]
 33948 | Spider:4 | Got a gossamer rune of Zot
 34232 | Swamp:1  | Entered Level 1 of the Swamp
 34971 | Swamp:2  | Reached skill level 10 in Dodging
 35003 | Swamp:2  | Reached XP level 18. HP: 98/125 MP: 25/25
 36746 | Swamp:4  | Entered Level 4 of the Swamp
 37228 | Swamp:4  | Got a decaying rune of Zot
 37681 | D:11     | Bought a wand of heal wounds (5/9) for 756 gold pieces
 37964 | D:13     | Found an oddly glowing altar of Pakellas.
 38133 | D:13     | Found a gate to the Vaults.
 38707 | D:14     | Noticed Sonja
 38774 | D:14     | Killed Sonja
 39347 | D:14     | Identified the Tome of the Traveller and Weightlessness
 39687 | D:15     | Entered Level 15 of the Dungeon
 39808 | D:15     | Reached XP level 19. HP: 130/130 MP: 26/26
 40101 | D:15     | Found a staircase to the Depths.
 41000 | Elf:1    | Entered Level 1 of the Elven Halls
 41841 | Elf:1    | Found a radiant altar of Vehumet.
 42460 | Elf:2    | Found Rogioguj's Antique Weapon Shoppe.
 42693 | Elf:2    | Found a deep blue altar of Sif Muna.
 42827 | Elf:2    | Found a runed door.
 42854 | Elf:2    | Found a runed door.
 42902 | Elf:2    | Reached XP level 20. HP: 131/136 MP: 27/27
 43477 | Elf:2    | Noticed Aizul
 43505 | Elf:2    | Killed Aizul
 43697 | Elf:3    | Entered Level 3 of the Elven Halls
 44364 | Elf:3    | Reached skill level 15 in Dodging
 44704 | Elf:3    | Reached skill level 10 in Armour
 45040 | Elf:3    | Found Orchofem's Antique Armour Boutique.
 45188 | Elf:3    | Got a twitching ivory ring
 45190 | Elf:3    | Identified the ring "Vilies" {Int+7 Dex+3} (You took it off a deep elf mage on level 3 of the Elven Halls)
 45308 | Elf:3    | Got a slimy dire flail
 45314 | Elf:3    | Identified the +9 dire flail of Qaurphewn {pain, rPois Int-2 Dex+2} (You found it on level 3 of the Elven Halls)
 45509 | Elf:3    | Got an ichor-stained scale mail
 45520 | Elf:3    | Identified the +5 scale mail "Rahevul" {rElec} (You found it on level 3 of the Elven Halls)
 45937 | Slime:1  | Entered Level 1 of the Pits of Slime
 46438 | Depths:1 | Entered Level 1 of the Depths
 46470 | Depths:1 | Found a gateway to Hell.
 46536 | Depths:1 | Found a one-way gate to the infinite horrors of the Abyss.
 47404 | Depths:1 | Found Ekaur's Armour Emporium.
 47645 | Depths:2 | Noticed a lich
 47666 | Depths:2 | Killed a lich
 47727 | Depths:2 | Reached skill level 19 in Fighting
 47744 | Depths:2 | Reached skill level 1 in Evocations
 47764 | Depths:2 | Reached XP level 21. HP: 58/144 MP: 28/28
 48215 | Depths:2 | Noticed a caustic shrike
 48314 | Depths:2 | Reached skill level 5 in Evocations
 48421 | Depths:2 | Killed a caustic shrike
 48653 | Depths:2 | Identified the Tome of Enthralling Calling
 49617 | Depths:3 | Noticed a juggernaut
 49670 | Depths:3 | Killed a juggernaut
 49759 | Depths:3 | Reached skill level 10 in Evocations
 50111 | Depths:3 | Found a one-way gate leading to the halls of Pandemonium.
 50197 | Depths:3 | Noticed a juggernaut
 50223 | Depths:3 | Killed a juggernaut
 50724 | Depths:4 | Found a gateway to a ziggurat.
 51034 | Depths:4 | Reached XP level 22. HP: 127/149 MP: 30/30
 51941 | Depths:4 | Noticed a golden dragon
 51941 | Depths:4 | an acid blob changed into a golden dragon
 51949 | Depths:4 | a golden dragon changed into an iron dragon
 52968 | Vaults:1 | Entered Level 1 of the Vaults
 53989 | Vaults:1 | Found Mocrya's Antique Armour Emporium.
 54342 | Vaults:2 | Found Yceg's Antique Weapon Shop.
 55668 | Vaults:2 | Reached XP level 23. HP: 155/155 MP: 33/33
 56447 | Vaults:3 | Reached skill level 15 in Maces & Flails
 56567 | Vaults:3 | Found a staircase to the Crypt.
 58805 | Vaults:4 | Found Vyit's Magic Scroll Boutique.
 58814 | Vaults:4 | Bought a scroll of fog for 28 gold pieces
 58870 | Vaults:4 | Bought a scroll of fear for 49 gold pieces
 58870 | Vaults:4 | Bought a scroll of enchant weapon for 105 gold pieces
 58870 | Vaults:4 | Bought a scroll of blinking for 105 gold pieces
 59752 | Vaults:5 | Entered Level 5 of the Vaults
 59762 | Vaults:4 | Reached XP level 24. HP: 146/162 MP: 31/33
 59819 | Vaults:4 | Reached skill level 15 in Armour
 60068 | Vaults:4 | Reached skill level 20 in Fighting
 61642 | Vaults:5 | Upgraded the game from 0.18.1-5-g4a78601 to 0.18.1-6-gd335043
 61679 | Vaults:5 | Noticed an ancient lich
 62003 | Vaults:5 | Paralysed by an ancient lich for 5 turns
 62022 | Vaults:5 | Killed an ancient lich
 62039 | Vaults:5 | Reached skill level 21 in Fighting
 62653 | Vaults:5 | Gained mutation: You possess an exceptional clarity of mind. [potion of beneficial mutation]
 63021 | Vaults:5 | Reached XP level 25. HP: 113/171 MP: 33/33
 63261 | Vaults:5 | Got a silver rune of Zot
 63327 | Vaults:5 | Identified the Reference Book on the Dark Birds (You found it on level 5 of the Vaults)
 64620 | Depths:4 | Reached skill level 22 in Fighting
 65545 | Depths:4 | Got a shimmering pewter ring
 65547 | Depths:4 | Identified the ring of Ucifok {Ice rN+ Dex+3} (You took it off a spriggan defender on level 4 of the Depths)
 66251 | Depths:4 | Found a runed door.
 66258 | Depths:4 | Found a radiant altar of Vehumet.
 66258 | Depths:4 | Noticed an ancient lich
 66282 | Depths:4 | Killed an ancient lich
 66282 | Depths:4 | Reached XP level 26. HP: 181/181 MP: 33/33
 66545 | Depths:5 | Entered Level 5 of the Depths
 66586 | Depths:5 | Reached skill level 23 in Fighting
 68659 | Depths:5 | Noticed a shard shrike
 68659 | Depths:5 | a hellephant changed into a shard shrike
 68669 | Depths:5 | Killed a shard shrike
 68773 | Depths:5 | Found a gate to the Realm of Zot.
 69095 | Hell     | Entered the Vestibule of Hell
 69095 | Hell     | Noticed Geryon
 69113 | Hell     | Killed Geryon
 69116 | Hell     | Gained mutation: You occasionally shout uncontrollably at your foes. [a cacodemon]
 69127 | Hell     | Gained mutation: Your magical capacity is low (-10% MP). [a cacodemon]
 69135 | Hell     | Gained mutation: Armour fits poorly on your strangely shaped body. [a cacodemon]
 69225 | Hell     | Reached skill level 24 in Fighting
 69248 | Hell     | Reached XP level 27. HP: 88/190 MP: 12/30
 69792 | Hell     | Found a gateway to the decaying netherworld of Tartarus.
 69921 | Hell     | Found a gateway to the ashen valley of Gehenna.
 70221 | Hell     | Found a gateway to the Iron City of Dis.
 70286 | Hell     | Found a gateway to the freezing wastes of Cocytus.
 70433 | Geh:1    | Entered Level 1 of Gehenna
 72937 | Geh:3    | Reached skill level 15 in Invocations
 76215 | Geh:7    | Entered Level 7 of Gehenna
 76277 | Geh:7    | HP: 4/190 [hellion/damnation (25)]
 76280 | Geh:7    | Killed from afar by a hellion

Skill      XL: |  1  2  3  4  5  6  7  8  9 10 11 12 13 14 15 16 17 18 19 20 21 22 23 24 25 26 27 |
---------------+----------------------------------------------------------------------------------+-----
Fighting       | 3 4 5 6 7 9 11 13 15 16 17 18 19 21 22 24 | 24.1
Axes           | 2 3 4 5 |  5.5
Armour         | 2 5 7 9 12 14 15 | 15.0
Throwing       | 2 |  2.0
Maces & Flails | 4 7 9 11 12 14 15 17 19 21 | 21.9
Dodging        | 3 4 5 8 10 12 14 15 | 15.0
Invocations    | 2 6 8 10 20 | 20.0
Shields        | 4 12 14 17 18 19 20 | 20.0
Evocations     | 1 11 14 | 14.2

Action                   |  1- 3 |  4- 6 |  7- 9 | 10-12 | 13-15 | 16-18 | 19-21 | 22-24 | 25-27 || total
-------------------------+-------+-------+-------+-------+-------+-------+-------+-------+-------++-------
Melee: Flail             |    72 |       |       |       |       |       |  1077 |  3038 |  3196 ||  7383
       Hand axe          |    42 |   137 |   123 |       |       |       |       |       |       ||   302
       Morningstar       |       |       |   237 |       |       |  1523 |   908 |       |       ||  2668
       Mace              |       |       |     6 |   825 |  1882 |   709 |       |       |       ||  3422
Throw: Throwing net      |       |     4 |    10 |     1 |     1 |       |       |       |       ||    16
       Tomahawk          |       |       |    42 |   143 |   143 |   129 |    94 |    83 |    62 ||   696
Invok: Divine Shield     |       |       |       |     1 |     1 |    21 |    14 |    15 |    21 ||    73
       Cleansing Flame   |       |       |       |       |     4 |     2 |       |     1 |    48 ||    55
       Summon Divine War |       |       |       |       |     6 |    12 |     7 |     6 |    22 ||    53
 Abil: Evoke Berserk Rag |       |     1 |     2 |     4 |     2 |       |       |       |       ||     9
       Fly               |       |       |       |       |       |     4 |       |       |       ||     4
       Stop Flying       |       |       |       |       |       |     1 |       |       |       ||     1
Evoke: Wand              |       |       |       |     2 |     1 |    14 |     3 |    14 |     8 ||    42
       Lamp of fire      |       |       |       |       |     1 |       |     1 |       |       ||     2
       Phial of floods   |       |       |       |       |       |       |     1 |       |       ||     1
       Fan of gales      |       |       |       |       |       |       |       |     1 |       ||     1
       Box of beasts     |       |       |       |       |       |       |       |     1 |       ||     1
  Use: Scroll            |     2 |     1 |     6 |    19 |     7 |    11 |     7 |    15 |    15 ||    83
       Potion            |     1 |     5 |     4 |     7 |     3 |    13 |     7 |    21 |     2 ||    63
 Stab: Invisible         |       |     4 |       |       |       |       |       |       |       ||     4
       Held in net/web   |       |       |       |       |       |     1 |       |       |       ||     1
  Eat: Chunk             |     1 |     4 |    17 |    32 |    42 |    31 |    32 |    39 |    30 ||   228
       Beef jerky        |       |       |     1 |       |     2 |     1 |     7 |     1 |     2 ||    14
       Royal jelly       |       |       |       |       |     1 |     2 |       |     1 |       ||     4
       Pizza             |       |       |       |       |     1 |     1 |       |     3 |       ||     5
       Bread ration      |       |       |       |       |       |     4 |       |       |     2 ||     6
       Meat ration       |       |       |       |       |       |       |       |       |     3 ||     3
       Fruit             |       |       |       |       |       |       |       |       |     6 ||     6
Armor: Leather armour    |     4 |       |       |       |       |       |       |       |       ||     4
       Ring mail         |    24 |       |    61 |       |    37 |   107 |   163 |   290 |   454 ||  1136
       Scale mail        |    27 |    68 |    35 |       |       |       |       |       |       ||   130
       Plate armour      |       |       |   171 |   514 |  1114 |  1042 |    39 |       |       ||  2880
       Chain mail        |       |       |       |    13 |       |       |       |       |       ||    13
Dodge: Dodged            |    63 |    82 |   146 |   231 |   508 |   784 |   480 |   841 |  1412 ||  4547
Block: Other             |       |       |       |     1 |       |       |       |       |       ||     1
       Shield            |       |       |       |       |   743 |   667 |       |       |       ||  1410
       Large shield      |       |       |       |       |       |  2578 |  2238 |  3629 |  4439 || 12884
       Reflection        |       |       |       |       |       |     6 |   245 |   198 |    55 ||   504
